 Seeded DCSS version 0.30.1-9-gdf580d7c3d (webtiles) character file.

Game seed: 7229806256980976716 (custom seed)

15 Psyclone the Stinger (level 2, 17/17 HPs)
             Began as an Octopode Venom Mage on Oct 3, 2023.
             Quit the game on level 1 of the Dungeon.
             The game lasted 00:01:07 (668 turns).

Psyclone the Stinger (Octopode Venom Mage)           Turns: 668, Time: 00:01:07

Health: 17/17      AC:  4    Str:  5    XL:     2   Next: 50%
Magic:  5/5        EV: 13    Int: 25    God:
Gold:   27         SH:  0    Dex: 10    Spells: 4/5 levels left

rFire   + . .        c - +3 Elemental Staff {rElec rF+ rC+ AC+3}
rCold   + . .        (no shield)
rNeg    . . .        (helmet restricted)
rPois   .            (no amulet)
rElec   +            (no ring)
rCorr   .            (no ring)
SInv    .            (no ring)
Will    .....        (no ring)
Stlth   +++          (no ring)
HPRegen 0.22/turn    (no ring)
MPRegen 0.09/turn    (no ring)
                     (no ring)

%: no passive effects
@: no status effects
A: almost no armour, amphibious, 8 rings, camouflage 1, gelatinous body 1,
(nimble swimmer 1), tentacles, clever 2, inability to read after injury 1
a: no special abilities


You were on level 1 of the Dungeon.
You visited 1 branch of the dungeon, and saw 1 of its levels.

You collected 27 gold pieces.

Inventory:

Hand Weapons
 c - the +3 Elemental Staff (weapon) {rElec rF+ rC+ AC+3}
   (You acquired it on level 1 of the Dungeon)

   It enhances your fire, ice, earth and air magic.
   AC:        It affects your AC (+3).
   rF:        It protects you from fire.
   rC:        It protects you from cold.
   rElec:     It insulates you from electricity.
Jewellery
 d - the ring "Yjoxom" {Contam rPois rC++ MP+9 Int+8 Dex-4}
   (You acquired it on level 1 of the Dungeon)

   [ring of magical power]

   Int:       It affects your intelligence (+8).
   Dex:       It affects your dexterity (-4).
   rC:        It greatly protects you from cold.
   rPois:     It protects you from poison.
   MP:        It affects your magic capacity (+9).
   Contam:    It causes magical contamination when unequipped.
 e - the ring of the Mage {Wiz Archmagi}
   (You acquired it on level 1 of the Dungeon)

   [ring of wizardry]

   It improves your spell success rate.
   Archmagi:  It increases the power of your magical spells.
Scrolls
 b - 2 scrolls of amnesia {unknown}
 f - a scroll of blinking {unknown}
Potions
 a - a potion of magic


   Skills:
 + Level 2.2 Dodging
 + Level 3.1 Stealth
 + Level 2.2 Spellcasting
 + Level 1.3 Transmutations
 + Level 3.8 Poison Magic


You had 4 spell levels left.
You knew the following spells:

 Your Spells              Type           Power      Damage    Failure   Level
a - Sting                 Tmut/Pois      60%        1d6       3%          1

Your spell library contained the following spells:

 Spells                   Type           Power      Damage    Failure   Level
 Poisonous Vapours        Pois/Air       36%        N/A       8%          2
 Mephitic Cloud           Conj/Pois/Air  13%        N/A       19%         3
 Olgreb's Toxic Radiance  Pois           22%        N/A       22%         4


Dungeon Overview and Level Annotations

Branches:
Dungeon (1/15) Zot: 5325

Altars:


Innate Abilities, Weirdness & Mutations

You cannot wear most types of armour.
You are amphibious.
You can wear up to eight rings at the same time.
Your skin changes colour to match your surroundings (Stealth+).
Your rubbery body absorbs attacks. (AC +1, EV +1)
((You are camouflaged when in or above water. (Stealth+)))
You have tentacles for arms and can constrict up to eight enemies at once.
Your mind is very acute. (Int +8, Str/Dex -2)
You occasionally lose the ability to read scrolls when taking damage.


Message History

The bat struggles to escape constriction.
The bat barely misses you.
The bat escapes!
The bat hits you but does no damage.
You miss the bat. Your grab misses the bat.
The bat is moderately wounded.
The bat barely misses you. The bat closely misses you. The bat hits you.
You hit the bat.
You kill the bat!
You see here a bat corpse.
There is an escape hatch in the floor here.
Things that are here:
a jackal corpse; a giant cockroach corpse A bat comes into view.
The bat misses you. The bat closely misses you.
You see here a scroll labelled FOEGIP WYTRA.
The bat barely misses you. The bat misses you.
You see here a scroll labelled FOEGIP WYTRA.
The bat closely misses you.
You hit the bat. You grab the bat.
The bat is heavily wounded.
You constrict the bat. The bat barely misses you.
The bat struggles to escape constriction.
The bat escapes!
Health restored: 17 You miss the bat.
Your grab misses the bat. Your squeeze misses the bat.
The bat is severely wounded.
The bat completely misses you. The bat closely misses you.
The bat hits you but does no damage. The bat closely misses you.
You see here a frilled lizard corpse.
You barely miss the bat. Your grab misses the bat.
The bat is severely wounded.
The bat closely misses you.
You hit the bat.
You kill the bat!
f - a scroll labelled FOEGIP WYTRA Unknown command.
Unknown command.
Are you sure you want to abandon this character and quit the game? (Confirm with "yes".)

.....#........#
#.#
.......######.#
#.# .#^#####
#.# #.# .#.#
#.# #.# .#.#
#.# #.# .#.#
#.# #.# .#.#
#.#### #.# .#.#
#....###.#
####@....#
#.##### #.# #.#
#.# #(#
#########.#
#.........#
#.#######.#


There were no monsters in sight!

Vanquished Creatures
  3 bats (D:1)
  2 giant cockroaches (D:1)
  5 jackals (D:1)
  A ball python (D:1)
  A frilled lizard (D:1)
  A rat (D:1)
13 creatures vanquished.

Notes
Turn   | Place    | Note
-------+----------+-------------------------------------------
     0 | D:1      | Psyclone the Octopode Venom Mage began the quest for the
                  | Orb.
     0 | D:1      | Reached XP level 1. HP: 11/11 MP: 3/3
    80 | D:1      | Identified 3 scrolls of acquirement
    80 | D:1      | Acquired the ring of the Mage {Wiz Archmagi}
    80 | D:1      | Found the ring of the Mage {Wiz Archmagi}
    86 | D:1      | Acquired the ring "Yjoxom" {Contam rPois rC++ MP+9 Int+8
                  | Dex-4}
   207 | D:1      | Acquired the +3 Elemental Staff {rElec rF+ rC+ AC+3}
   207 | D:1      | Found the +3 Elemental Staff {rElec rF+ rC+ AC+3}
   398 | D:1      | Gained mutation: You occasionally lose the ability to read
                  | scrolls when taking damage. [potion of mutation]
   398 | D:1      | Gained mutation: Your mind is acute. (Int +4, Str/Dex -1)
                  | [potion of mutation]
   398 | D:1      | Gained mutation: Your mind is very acute. (Int +8, Str/Dex
                  | -2) [potion of mutation]
   560 | D:1      | Reached XP level 2. HP: 17/17 MP: 5/5
   668 | D:1      | Quit the game

Illustrated notes

Levels and vault maps discovered:
D:1:      spicycebolla_arrival_ecumenical, layout_loops_ring

Skill      XL: |  1  2 |
---------------+-------+-----
Stealth        | 3 |  3.1
Dodging        | |  2.2
Spellcasting   | |  2.2
Transmutations | |  1.3
Poison Magic   | |  3.8

Action                     || total
---------------------------++-------
  Melee: Staff             ||    34
         Constrict         ||     8
         Tentacles         ||     4
         Punch             ||     1
   Cast: Sting             ||     1
    Use: Scroll            ||     3
         Potion            ||     1
 Armour: Skin              ||    79
  Dodge: Dodged            ||   170
